 Dungeon Crawl Stone Soup version 0.30-a0-578-gdee14c521f (webtiles) character file.

Game seed: 18344137838861534391

819 wormed the Cudgeller (level 7, -1/38 HPs)
             Began as a Vine Stalker Fighter on Jan 1, 2023.
             Slain by a gnoll
             ... wielding a +0 flail
             ... led by a gnoll sergeant
              (5 damage)
             ... on level 4 of the Dungeon.
             The game lasted 00:07:42 (2998 turns).

wormed the Cudgeller (Vine Stalker Fighter)         Turns: 2998, Time: 00:07:42

Health: -1/38      AC: 16    Str: 20    XL:     7   Next: 95%
Magic:  0/2        EV:  5    Int:  8    God:
Gold:   266        SH:  5    Dex: 14    Spells: 6/6 levels left

rFire   . . .      SeeInvis .    q - +5 demon whip "Spellbinder" {antimagic, Will+}
rCold   . . .      Faith    .    c - +0 buckler
rNeg    . . .      Spirit   +    m - +0 plate armour
rPois   .          Reflect  .    i - +1 helmet
rElec   .          Harm     .    b - scarf {repulsion}
rCorr   .          Rampage  .    u - +1 pair of gloves
Will    +....                    (no boots) Stlth
                                 (no amulet)
HPRegen 1.06/turn                (no ring)
MPRegen 0.08/turn                (no ring)

@: hasted, repel missiles, very quick
A: fangs 2, regeneration 1, magic shield, antimagic bite, no potion heal 2
a: no special abilities


You were on level 4 of the Dungeon.
You visited 1 branch of the dungeon, and saw 5 of its levels.

You collected 266 gold pieces.

Inventory:

Hand Weapons
 q - the +5 demon whip "Spellbinder" (weapon) {antimagic, Will+}
   (You found it on level 2 of the Dungeon)

   It reduces the magical energy of the wielder, and disrupts the spells and
   magical abilities of those it strikes.
   Natural abilities and divine invocations are not affected.
   It unleashes wild and unpredictable magical effects upon striking a wizard or
   a creature with magical abilities.
   Will:      It increases your willpower.
Missiles
 t - 3 throwing nets (quivered)
Armour
 b - a scarf of repulsion (worn)
 c - a +0 buckler (worn)
 i - a +1 helmet (worn)
 m - a +0 plate armour (worn)
 u - a +1 pair of gloves (worn)
Jewellery
 o - a ring of ice
Wands
 s - a wand of flame (27)
 v - a wand of charming (7)
Scrolls
 a - a scroll of immolation
 d - 4 scrolls of teleportation
 f - a scroll of magic mapping {unknown}
 h - a scroll of fog {unknown}
 j - 2 scrolls of enchant armour
 k - 3 scrolls of vulnerability {unknown}
 l - 2 scrolls of blinking {unknown}
 p - 2 scrolls of noise {unknown}
Potions
 e - a potion of haste
 n - 3 potions of lignification
 r - 2 potions of ambrosia
 x - a potion of heal wounds
 z - a potion of mutation


   Skills:
 + Level 4.4 Fighting
 * Level 5.0 Maces & Flails
 + Level 4.1 Armour
 + Level 4.4 Shields


You had 6 spell levels left.
You didn't know any spells.
Your spell library contained the following spells:

 Spells                   Type           Power      Damage    Failure   Level
 Blink                    Tloc           0%         N/A       100%        2
 Cigotuvi's Dreadful Rot  Necr/Pois/Air  0%         N/A       100%        2
 Dispel Undead            Necr           0%         3d6       100%        4
 Manifold Assault         Tloc           0%         N/A       100%        4
 Death Channel            Necr           0%         N/A       100%        6
 Storm Form               Tmut/Air       0%         N/A       100%        7


Dungeon Overview and Level Annotations

Branches:
Dungeon (5/15)
 Temple: D:4-7

Altars:
Vehumet
The Shining One

Shops:
D:1 =


Innate Abilities, Weirdness & Mutations

You have extremely sharp teeth.
Your natural rate of healing is unusually fast.
When hurt, damage is shared between your health and your magic reserves.
Your bite disrupts and absorbs the magic of your enemies.
Potions cannot restore your health.


Message History

You block the gnoll's attack.
The scorpion stings you but does no damage.
The gnoll hits you with a +0 flail! The gnoll hits you but does no damage.
The gnoll barely misses you.
There is a stone staircase leading up, spattered with blood here.
You hit the scorpion. Your bite misses the scorpion.
The scorpion is lightly wounded.
The scorpion stings you.
You are poisoned.
The scorpion poisons you! The gnoll hits you but does no damage.
The gnoll hits you from afar with a +0 spear.
The gnoll hits you but does no damage.
You feel sick.
The scorpion stings you but does no damage.
You block the gnoll's attack.
The gnoll hits you but does no damage. x2
You climb upwards.
You feel very sick.
There is a stone staircase leading down here.
You hit the scorpion but do no damage.
The scorpion is lightly wounded.
You feel sick. The scorpion stings you.
* * * LOW HITPOINT WARNING * * *
You are more poisoned.
The scorpion poisons you!
You feel yourself speed up.
* * * LOW HITPOINT WARNING * * *
You feel very sick. The scorpion stings you.
* * * LOW HITPOINT WARNING * * *
You are more poisoned.
The scorpion poisons you! You block the gnoll's attack.
The scorpion stings you but does no damage.
Your system rejects the healing.
You feel better. The gnoll hits you with a +0 flail.
* * * LOW HITPOINT WARNING * * *
You hit the scorpion.
You bite the scorpion, but do no damage.
The scorpion is moderately wounded.
You block the scorpion's attack. The gnoll hits you with a +0 flail.
You die...

..# #.....##.# ##.....##.# .##
#.######.#######.........# .# #.#
#.......##..####..# .#### #.#
#######.##..# #..# .##.## #.#
#....##..# #..#
.#.#.###.#########....##..####[.#
..###.##.#................#.....#
.#.#.###.......g).........#.###.#
.##.## #.###.###@s.....####.# #.#
.##.####.# #...###....## #.###.#
.##.#....###.#.# #....# #.....#
###>#.##....##.# ###..# ###.#[#
#.#.##.#####.# #.## #.#.#
#.#)##.# #.# #.# #.#.#
###.#)##.## #.# #.# #.#.#
....<.#...####.#####.# #...#
.....................# #..##


You could see a scorpion and a gnoll.

Vanquished Creatures
  Sigmund (D:3)
  An ogre (D:4)
  A phantom (D:4)
  A scorpion (D:4)
  A gnoll sergeant (D:5)
  A howler monkey (D:4)
  An orc priest (D:4)
  Crazy Yiuf (D:2)
  An iguana (D:4)
  Terence (D:3)
  An orc wizard (D:4)
  4 adders
  7 gnolls
  2 worms (D:3)
  4 dart slugs
  7 orcs (D:4)
  4 ball pythons
  3 bats
  11 endoplasms
  2 giant cockroaches
  10 goblins
  8 hobgoblins
  6 jackals
  7 quokkas
  2 frilled lizards
  11 kobolds
  6 rats
105 creatures vanquished.

Vanquished Creatures (others)
  7 plants (D:2)
7 creatures vanquished.

Grand Total: 112 creatures vanquished

Notes
Turn   | Place    | Note
-------+----------+-------------------------------------------
     0 | D:1      | wormed the Vine Stalker Fighter began the quest for the
                  | Orb.
     0 | D:1      | Reached XP level 1. HP: 11/11 MP: 2/2
    74 | D:1      | Reached XP level 2. HP: 16/16 MP: 3/3
    77 | D:1      | Reached skill level 2 in Maces & Flails
   143 | D:1      | Found Goseosch's Jewellery Shop.
   163 | D:1      | Found a faded altar of an unknown god.
   286 | D:1      | Reached XP level 3. HP: 19/20 MP: 4/4
   978 | D:2      | Gained mutation: Your natural rate of healing is unusually
                  | fast. [Vine Stalker growth]
   978 | D:2      | Reached XP level 4. HP: 24/24 MP: 5/5
  1113 | D:2      | Found a runed translucent door.
  1113 | D:2      | Found the +5 demon whip "Spellbinder" {antimagic, Will+}
  1114 | D:2      | Noticed Crazy Yiuf
  1372 | D:2      | Killed Crazy Yiuf
  1497 | D:3      | Identified the +1 scimitar "Dovev" {holy, rN+}
  1520 | D:3      | Reached XP level 5. HP: 28/28 MP: 2/6
  1622 | D:3      | Reached skill level 3 in Maces & Flails
  1740 | D:3      | Noticed Terence
  1747 | D:3      | Killed Terence
  1775 | D:3      | Found a radiant altar of Vehumet.
  1882 | D:3      | Noticed Sigmund
  1890 | D:3      | Killed Sigmund
  1891 | D:3      | Reached XP level 6. HP: 33/33 MP: 2/7
  2204 | D:4      | Reached skill level 4 in Maces & Flails
  2309 | D:4      | Found a glowing golden altar of the Shining One.
  2325 | D:4      | Reached XP level 7. HP: 37/37 MP: 2/8
  2950 | D:5      | Entered Level 5 of the Dungeon
  2976 | D:4      | Reached skill level 5 in Maces & Flails
  2998 | D:4      | Slain by a gnoll

Illustrated notes

Levels and vault maps discovered:
D:1:      doesnt_arrival_eight_statues, layout_rooms,
          shapermc_ecumenical_altar_totnotflames, serial_shops, shop,
          due_unseen_surprise
D:2:      cheibrodos_old_hovel, layout_basic, minmay_cut_off,
          uniq_crazy_yiuf_cottage
D:3:      layout_basic, mainiacjoe_overflow_surrounded_room, uniq_terence,
          uniq_sigmund
D:4:      minmay_bubble_buster, layout_loops_ring,
          mainiacjoe_overflow_six_doors_small
D:5:      layout_basic, ashenzari_altar_1, guppyfry_early_lair_pool

Skill      XL: |  1  2  3  4  5  6  7 |
---------------+----------------------+-----
Maces & Flails | 2 3 4 5 |  5.0
Fighting       | 3 4 |  4.4
Shields        | 3 4 |  4.4
Armour         | 3 4 |  4.1

Action                   |  1- 3 |  4- 6 |  7- 9 || total
-------------------------+-------+-------+-------++-------
Melee: Flail             |    73 |       |       ||    73
       Bite              |    29 |    28 |    14 ||    71
       Whip              |    26 |    38 |       ||    64
       Demon whip        |       |    84 |    49 ||   133
  Use: Scroll            |     1 |     4 |     3 ||     8
       Potion            |       |     1 |     2 ||     3
Armor: Scale mail        |    33 |     9 |       ||    42
       Plate armour      |       |    31 |    33 ||    64
Dodge: Dodged            |    44 |    30 |    11 ||    85
Block: Buckler           |    19 |    24 |    15 ||    58

Table legend: (Time is in decaauts)
 A = Elapsed time spent in this place.
 B = Non-inter-level travel time spent in this place.
 C = Inter-level travel time spent in this place.
 D = Time resting spent in this place.
 E = Time spent auto-exploring this place.
 F = Levels seen in this place.
 G = Mean time per level.
                   A        B        C        D        E       F      G
               +--------+--------+--------+--------+--------+-----+--------+
         Total |   3002 |   2864 |    138 |      0 |   2139 |   5 |  600.4 |
       Dungeon |   3002 |   2864 |    138 |      0 |   2139 |   5 |  600.4 |
               +--------+--------+--------+--------+--------+-----+--------+

Top non-repeatable levels by time:
     D:2: 952 daAuts
     D:4: 768 daAuts
     D:3: 722 daAuts
     D:1: 533 daAuts
     D:5: 24 daAuts
